 Dungeon Crawl Stone Soup version 0.28.0-53-g5a82cb258f (webtiles) character file.

Game seed: 9991807191508789638

221 Zeld the Conjurer (level 5, -7/28 HPs)
             Began as a Deep Elf Conjurer on May 24, 2022.
             Killed from afar by Maggie (31 damage)
             ... with a bolt of fire
             ... on level 7 of the Dungeon.
             The game lasted 00:03:15 (2795 turns).

Zeld the Conjurer (Deep Elf Conjurer)               Turns: 2795, Time: 00:03:15

Health: -7/28      AC:  2    Str:  4    XL:     5   Next: 65%
Magic:  6/14       EV: 12    Int: 25    God:
Gold:   115        SH:  0    Dex: 13    Spells: 3/14 levels left

rFire   . . .      SeeInvis .   (no weapon)
rCold   . . .      Faith    .   (no shield)
rNeg    . . .      Spirit   .   a - +0 robe
rPois   .          Reflect  .   (no helmet)
rElec   .          Harm     .   (no cloak)
rCorr   .          Rampage  .   (no gloves)
Will    .....                   (no boots)
Stlth   ++........              (no amulet)
HPRegen 0.09/turn               (no ring)
MPRegen 0.14/turn               (no ring)

@: about to teleport, mesmerised
A: no striking features
a: no special abilities


You were on level 7 of the Dungeon.
You visited 1 branch of the dungeon, and saw 5 of its levels.

You collected 115 gold pieces.

Inventory:

Armour
 a - a +0 robe (worn)
Scrolls
 c - a scroll of vulnerability {unknown}
 e - 2 scrolls of fog {unknown}
 f - 2 scrolls of identify {unknown}
 j - a scroll of immolation {unknown}
 l - a scroll of enchant weapon {unknown}
 m - a scroll of enchant armour {unknown}
Potions
 d - 2 potions of brilliance {unknown}
 g - 3 potions of curing {unknown}
 h - 2 potions of attraction {unknown}
 i - a potion of might {unknown}
 k - a potion of mutation {unknown}
 n - a potion of heal wounds {unknown}


   Skills:
 - Level 2.4 Dodging
 + Level 3.6 Stealth
 * Level 5.1 Spellcasting
 * Level 5.6 Conjurations
 - Level 2.0 Hexes
 + Level 1.9 Translocations


You had 3 spell levels left.
You knew the following spells:

 Your Spells              Type           Power      Damage    Failure   Level
a - Magic Dart            Conj           100%       1d8       1%          1
b - Searing Ray           Conj           68%        2d6       1%          2
c - Fulminant Prism       Conj/Hex       12%        3d9       17%         4
d - Iskenderun's Mystic   Conj/Tloc      25%        2d7       17%         4

Your spell library contained the following spells:

 Spells                   Type           Power      Damage    Failure   Level
 Dazzling Flash           Conj/Hex       50%        N/A       4%          3
 Conjure Flame            Conj/Fire      20%        6-21      8%          3
 Ignite Poison            Fire/Tmut/Pois 6%         N/A       24%         3
 Sticky Flame             Conj/Fire      20%        2d4       26%         4


Dungeon Overview and Level Annotations

Branches:
Dungeon (4/15)
 Temple: D:4-7

Altars:
Elyvilon

Annotations:
D:3 2 transporters, KittyFluff's ghost, amateur MfBe
D:7 Maggie


Message History

The kobold brigand throws a poisoned dart.
The poisoned dart barely misses you.
The kobold hits you with a +0 short sword.
A yak comes into view.
A yak comes into view.
Maggie casts a spell.
Maggie attempts to bespell you!
You are mesmerised by Maggie!
You cannot move away from Maggie!
You cannot move away from Maggie!
Casting: Magic Dart (safe; 1% risk of failure)
Confirm with . or Enter, or press ? or * to list all spells.
The spell is extremely dangerous to miscast (17% risk of failure)!
Continue anyway?
You erupt in a blast of force!
The mystic blast hits Maggie.
Maggie is lightly wounded.
Maggie is knocked back by the mystic blast.
The mystic blast hits the kobold!
You kill the kobold!
The mystic blast hits the kobold.
You kill the kobold!
The kobold throws a stone.
The stone hits you.
Unknown command.
Unknown command.
Casting: Iskenderun's Mystic Blast (extremely dangerous; 17% risk of failure)
Confirm with . or Enter, or press ? or * to list all spells.
The spell is extremely dangerous to miscast (17% risk of failure)!
Continue anyway?
You erupt in a blast of force!
The mystic blast hits the yak!
The yak is lightly wounded.
The yak is knocked back by the mystic blast.
The yak bellows!
The kobold throws a stone.
The stone closely misses you.
Unknown command.
Unknown command.
Unknown command.
As you read the scroll labelled JUKIEPN WOAQEH, it crumbles to dust.
You feel strangely unstable.
It was a scroll of teleportation.
Maggie gestures at you while chanting. The bolt of fire hits you!!
Ouch! That really hurt!
You die...

#############
##....?#<....##
##.............##
#.......K.......#
#....?$....$....#
#####.....@K........#
..........KK........#
#..@)Y.K.........
##...)K........#.
##...Y.......##
#######Y##### #.Y#
##.Y. Y... #<.#


You could see Maggie (mesmerising), 4 yaks, a kobold brigand and 5 kobolds.

Vanquished Creatures
  An orc priest (D:3)
  An orc wizard (D:3)
  3 gnolls (D:2)
  7 adders
  A dart slug (D:3)
  7 orcs (D:3)
  6 ball pythons
  8 endoplasms
  A giant cockroach (D:3)
  4 goblins
  6 hobgoblins
  3 jackals (D:3)
  2 quokkas
  4 bats
  4 frilled lizards
  8 kobolds
  3 rats
69 creatures vanquished.

Notes
Turn   | Place    | Note
-------+----------+-------------------------------------------
     0 | D:1      | Zeld the Deep Elf Conjurer began the quest for the Orb.
     0 | D:1      | Reached XP level 1. HP: 10/10 MP: 6/6
   177 | D:1      | Reached XP level 2. HP: 12/15 MP: 0/8
   254 | D:1      | Learned a level 2 spell: Searing Ray
   723 | D:2      | Found a faded altar of an unknown god.
   748 | D:2      | Reached skill level 1 in Hexes
   748 | D:2      | Reached XP level 3. HP: 19/19 MP: 5/10
   810 | D:2      | Reached skill level 1 in Translocations
   842 | D:2      | Reached skill level 5 in Conjurations
   902 | D:2      | Reached XP level 4. HP: 24/24 MP: 3/12
   907 | D:2      | Learned a level 4 spell: Fulminant Prism
   912 | D:2      | Learned a level 4 spell: Iskenderun's Mystic Blast
  1550 | D:3      | Noticed KittyFluff's ghost (amateur MfBe)
  1551 | D:3      | Found a transporter.
  1899 | D:3      | Reached XP level 5. HP: 24/28 MP: 1/13
  2111 | D:3      | Found a white marble altar of Elyvilon.
  2341 | D:3      | Reached skill level 5 in Spellcasting
  2518 | D:3      | Found a transporter.
  2784 | D:4      | Noticed a phantom
  2786 | D:4      | You fall into a shaft and drop 3 floors!
  2786 | D:7      | Noticed Maggie
  2786 | D:7      | Noticed a yak
  2787 | D:7      | Noticed a yak
  2787 | D:7      | Noticed a yak
  2787 | D:7      | Noticed a yak
  2788 | D:7      | Noticed a yak
  2795 | D:7      | Killed from afar by Maggie

Illustrated notes

Levels and vault maps discovered:
D:1:      lemuel_arrival_broad_hall, layout_basic, minmay_misc_feat_columns
D:2:      layout_rooms, hellmonk_ecumenical_altar_run_dry
D:3:      layout_loops_ring, nicolae_elyvilon_peaceful_grove,
          gammafunk_ghost_stat_death
D:4:      layout_cave_pools, minitemple, minmay_temple_entry_large_hall,
          uniq_sigmund, uniq_menkaure
D:7:      layout_rooms, uniq_duvessa, uniq_maggie

Skill      XL: |  1  2  3  4  5 |
---------------+----------------+-----
Hexes          | 1 2 |  2.0
Translocations | 1 |  1.9
Spellcasting   | 4 5 |  5.1
Conjurations   | 5 |  5.6
Stealth        | 3 |  3.6
Dodging        | |  2.4

Action                   |  1- 3 |  4- 6 || total
-------------------------+-------+-------++-------
Melee: Unarmed           |     5 |     2 ||     7
 Cast: Magic Dart        |    35 |    83 ||   118
       Searing Ray       |     4 |     3 ||     7
       Iskenderun's Myst |       |     2 ||     2
  Use: Scroll            |       |     1 ||     1
Armor: Robe              |     2 |     1 ||     3
Dodge: Dodged            |     5 |    15 ||    20
